 Dungeon Crawl Stone Soup version 0.26-b1-32-g5d43845318 (webtiles) character file.

Game seed: 11412382346199728878

11656 theswoord the Demonic Disaster (level 11, -2/90 HPs)
             Began as a Demonspawn Transmuter on Jan 12, 2021.
             Was a Believer of Qazlal.
             Collided with a rock wall (13 damage)
             ... caused by a wretched star
             ... on level 1 of the Abyss.
             The game lasted 00:34:17 (16005 turns).

theswoord the Demonic Disaster (DsTm)              Turns: 16005, Time: 00:34:17

Health: -2/90      AC: 15    Str: 14    XL:     11   Next: 52%
Magic:  0/18       EV:  9    Int: 15    God:    Qazlal [**....]
Gold:   770        SH:  3    Dex: 13    Spells: 6/14 levels left

rFire    . . .     SeeInvis +     - Unarmed
rCold    . . .     Faith    .   (shield currently unavailable)
rNeg     . . .     Spirit   +   z - +0 scale mail
rPois    .         Reflect  .   F - +0 hat
rElec    .         Harm     .   m - +2 cloak
rCorr    .         Rampage  .   (gloves currently unavailable)
Will     .....                  t - +1 pair of boots
Stlth    ..........             B - amulet of magic regeneration
HPRegen  0.25/turn              b - ring of see invisible
MPRegen  0.57/turn              h - +4 ring of protection

@: brilliant, blade hands (expiring)
A: claws 1, horns 1, talons 2, mutation resistance 1, magic shield, magic
regeneration, magic link
a: End Transformation, Renounce Religion, Upheaval


You were on level 1 of the Abyss.
You worshipped Qazlal.
Qazlal was pleased with you.
You had blades for hands.
You visited 2 branches of the dungeon, and saw 11 of its levels.
You visited the Abyss 1 time.
You also visited: Ossuary.

You collected 770 gold pieces.

Inventory:

Armour
 a - a +0 robe
 g - a +0 helmet
 m - a +2 cloak (worn)
 r - the +3 hat of Pondering {ponderous, Will+ MP+10 Int+5}
   (You took it off Gastronok on level 10 of the Dungeon)

   It affects your intelligence (+5).
   It affects your willpower, your defense against some magical effects.
   It affects your magic capacity (+10).
 t - a +1 pair of boots (worn)
 y - a +2 animal skin
 z - a +0 scale mail (worn)
 F - a +0 hat (worn)
Jewellery
 b - a ring of see invisible (left scythe-like blade)
 h - a +4 ring of protection (right scythe-like blade)
 l - an uncursed ring of willpower
 o - a +6 ring of dexterity
 A - an uncursed ring of resist corrosion
 B - an amulet of magic regeneration (around neck)
 E - an uncursed ring of positive energy
Wands
 x - a wand of iceblast (8)
Scrolls
 c - a scroll of enchant armour
 d - 2 scrolls of fog
 e - 4 scrolls of immolation
 f - 3 scrolls of magic mapping
 j - 2 scrolls of identify
 k - a scroll of fear
 n - a scroll of enchant weapon
 u - 7 scrolls of remove curse
 H - a scroll of acquirement {unknown}
Potions
 i - 3 potions of brilliance
 p - 4 potions of flight
 q - 2 potions of lignification
 s - 2 potions of curing
 v - 2 potions of cancellation
 w - a potion of mutation
 D - a potion of invisibility {unknown}


   Skills:
 + Level 9.8 Fighting
 - Level 1.7 Dodging
 + Level 9.4 Unarmed Combat
 - Level 2.0 Spellcasting
 + Level 9.2 Transmutations
 + Level 9.9 Invocations


You had 6 spell levels left.
You knew the following spells:

 Your Spells              Type           Power        Failure   Level
a - Beastly Appendage     Tmut           86%          22%         1
b - Wereblood             Tmut           43%          28%         2
c - Blade Hands           Tmut           21%          89%         5

Your spell library contained the following spells:

 Spells                   Type           Power        Failure   Level
 Spider Form              Tmut/Pois      11%          82%         3
 Ice Form                 Ice/Tmut       23%          98%         4


Dungeon Overview and Level Annotations

Branches:
Dungeon (10/15)            Temple (1/1) D:6             Orc (0/2) D:9
Ossuary (visited)
   Lair: D:8-11

Altars:
Ashenzari
Cheibriados
Elyvilon
Hepliaklqana
Makhleb
Nemelex Xobeh
Okawaru
Qazlal
Ru
Trog
Vehumet
Yredelemnul
Zin
The Shining One
Beogh

Shops:
D:9 ?

Annotations:
D:4 exclusion: statue
D:10 Erolcha


Innate Abilities, Weirdness & Mutations

You have razor-sharp toenails.
When hurt, damage is shared between your health and your magic reserves.
You regenerate magic rapidly.
When low on magic, you restore magic in place of health.
You have sharp fingernails.
You have a pair of small horns on your head.
You are somewhat resistant to further mutation.


Message History

Casting: Wereblood (safe; 3% risk of failure)
Confirm with . or Enter, or press ? or * to list all spells.
Okay, then.
Casting: Wereblood (safe; 3% risk of failure)
Confirm with . or Enter, or press ? or * to list all spells.
The spell is quite dangerous to cast (54% risk of failure)!
Continue anyway?
You feel a surge of power!
Your hands turn into razor-sharp scythe blades.
Your transformation is almost over.
The wretched star pulses with an eldritch light!
You slice the wretched star!!
You headbutt the wretched star, but do no damage.
You slash the wretched star.
The wretched star is severely damaged.
The wretched star glows turbulently.
The lance of force hits you!!
* * * LOW HITPOINT WARNING * * *
You are knocked back by the lance of force.
You slam into the rock wall!
You die...

##.#..≈.. ≈..#
.... #.# .
≈...≈.. .# . .
##.#... ..≈.. .#
. . #.# .
≈..#.#.# # . #
#######....... .
##.......### ##
##...#..###.#####
# #.......*....#
#### ##@##.#.#
#.#.. ###.....
.§§.v . v .G ###§
#. . # § # . . ..
# ### #


You could see a wretched star.

Vanquished Creatures
  Gastronok (D:10)
  2 two-headed ogres
  Pikel (D:8)
  A gargoyle (D:10)
  A komodo dragon (D:10)
  A troll (D:10)
  A hornet (D:8)
  Prince Ribbit (D:6)
  Sigmund (D:5)
  2 wraiths (D:10)
  Grum (D:8)
  A wyvern (D:10)
  An orc warrior (D:7)
  5 ice beasts
  A black bear (D:10)
  A necrophage (D:6)
  10 ogres
  4 sky beasts
  2 wolves
  A centaur (D:8)
  Blork the orc (D:6)
  8 bullfrogs
  A water moccasin zombie (D:9)
  3 scorpions
  A wyvern skeleton (D:6)
  A water moccasin skeleton (D:8)
  5 wights (D:8)
  A howler monkey (D:6)
  A bullfrog zombie (D:6)
  A quasit (D:9)
  3 hounds
  11 orc priests
  4 jellies
  A gnoll shaman (D:6)
  2 centaur skeletons
  2 bullfrog skeletons
  An iguana (D:4)
  11 orc wizards
  12 worker ants
  A hound zombie (D:9)
  A hound skeleton (D:6)
  8 mummies (Ossuary)
  Robin (D:3)
  9 gnolls (D:6)
  2 worker ant zombies
  12 adders
  3 shadow imps
  A white imp (D:10)
  3 ufetubi
  An ooze (D:6)
  An adder zombie (D:6)
  2 worms (D:2)
  A dart slug (D:5)
  4 leopard geckos
  35 orcs
  3 ball pythons
  5 bats
  5 giant cockroaches
  A gnoll zombie (Ossuary)
  10 hobgoblins
  17 jackals
  4 quokkas
  6 frilled lizards
  15 goblins
  A hobgoblin zombie (Ossuary)
  4 kobolds
  4 kobold zombies (Ossuary)
  A leopard gecko zombie (D:7)
  2 orc zombies (Ossuary)
  7 rats
279 creatures vanquished.

Vanquished Creatures (collateral kills)
  A tentacled starspawn (Abyss:1)
  A great orb of eyes (Abyss:1)
  2 starspawn tentacles (Abyss:1)
4 creatures vanquished.

Vanquished Creatures (others)
  47 fungi (D:10)
  60 plants (D:10)
  2 starspawn tentacles (Abyss:1)
109 creatures vanquished.

Grand Total: 392 creatures vanquished

Notes
Turn   | Place    | Note
-------+----------+-------------------------------------------
     0 | D:1      | theswoord the Demonspawn Transmuter began the quest for the
                  | Orb.
     0 | D:1      | Reached XP level 1. HP: 15/15 MP: 3/3
   130 | D:1      | Mutation became permanent: You have sharp toenails.
                  | [demonic ancestry]
   130 | D:1      | Gained mutation: You have razor-sharp toenails. [demonic
                  | ancestry]
   130 | D:1      | Reached XP level 2. HP: 7/21 MP: 3/5
   758 | D:1      | HP: 1/22 [jackal (1)]
  1375 | D:1      | Gained mutation: When hurt, damage is shared between your
                  | health and your magic reserves. [demonic ancestry]
  1375 | D:1      | Reached XP level 3. HP: 25/27 MP: 4/6
  1509 | D:2      | Found a white marble altar of Elyvilon.
  2212 | D:2      | Reached XP level 4. HP: 33/33 MP: 5/7
  2518 | D:2      | Found a sparkling altar of Nemelex Xobeh.
  3579 | D:3      | Found a sacrificial altar of Ru.
  3588 | D:3      | Noticed Robin
  3591 | D:3      | Gained mutation: Your muscles are strong. (Str +2) [potion
                  | of mutation]
  3591 | D:3      | Gained mutation: Your spells are a little easier to cast,
                  | but a little less powerful. [potion of mutation]
  3591 | D:3      | Gained mutation: You are resistant to electric shocks.
                  | (rElec) [potion of mutation]
  3609 | D:3      | Killed Robin
  3611 | D:3      | Reached XP level 5. HP: 27/40 MP: 2/8
  4338 | D:4      | Found a sand-covered staircase.
  4347 | Ossuary  | Entered an ossuary
  4955 | Ossuary  | Reached XP level 6. HP: 31/47 MP: 5/9
  5236 | Ossuary  | Lost mutation: You are resistant to electric shocks.
                  | (rElec) [potion of mutation]
  5236 | Ossuary  | Lost mutation: Your spells are a little easier to cast, but
                  | a little less powerful. [potion of mutation]
  5236 | Ossuary  | Gained mutation: You possess an exceptional clarity of
                  | mind. [potion of mutation]
  5236 | Ossuary  | Lost mutation: You possess an exceptional clarity of mind.
                  | [potion of mutation]
  5236 | Ossuary  | Gained mutation: You possess an exceptional clarity of
                  | mind. [potion of mutation]
  5237 | Ossuary  | Lost mutation: You possess an exceptional clarity of mind.
                  | [potion of mutation]
  5237 | Ossuary  | Lost mutation: Your muscles are strong. (Str +2) [potion of
                  | mutation]
  5237 | Ossuary  | Gained mutation: You have sharp fingernails. [potion of
                  | mutation]
  5237 | Ossuary  | Gained mutation: You have a pair of small horns on your
                  | head. [potion of mutation]
  5286 | D:4      | Learned a level 2 spell: Wereblood
  5802 | D:4      | Found a hazy altar of Hepliaklqana.
  6259 | D:4      | Found an iron altar of Okawaru.
  6376 | D:4      | Gained mutation: You regenerate magic rapidly. [demonic
                  | ancestry]
  6376 | D:4      | Reached XP level 7. HP: 47/54 MP: 10/10
  6694 | D:4      | Found a radiant altar of Vehumet.
  6800 | D:4      | Found a snail-covered altar of Cheibriados.
  6899 | D:5      | Entered Level 5 of the Dungeon
  7006 | D:5      | Reached skill level 5 in Unarmed Combat
  7511 | D:5      | Found a glowing golden altar of the Shining One.
  7631 | D:5      | Noticed Sigmund
  7642 | D:5      | Killed Sigmund
  7643 | D:5      | Reached skill level 5 in Fighting
  7643 | D:5      | Reached skill level 5 in Transmutations
  7651 | D:5      | Reached XP level 8. HP: 38/62 MP: 6/11
  7964 | D:5      | Found a bloodstained altar of Trog.
  8556 | D:6      | Found a staircase to the Ecumenical Temple.
  8585 | Temple   | Entered the Ecumenical Temple
  8717 | Temple   | Became a worshipper of Qazlal Stormbringer
  8743 | D:6      | Noticed Blork the orc
  8755 | D:6      | Killed Blork the orc
  8763 | D:6      | Reached skill level 1 in Invocations
  8903 | D:6      | Found a burning altar of Makhleb.
  9555 | D:6      | Gained mutation: When low on magic, you restore magic in
                  | place of health. [demonic ancestry]
  9555 | D:6      | Reached XP level 9. HP: 69/71 MP: 9/12
  9664 | D:6      | Noticed Prince Ribbit
  9677 | D:6      | Reached * piety under Qazlal
  9681 | D:6      | Killed Prince Ribbit
 10033 | D:6      | Found a burning altar of Makhleb.
 11220 | D:8      | Noticed a two-headed ogre
 11227 | D:8      | Killed a two-headed ogre
 11228 | D:8      | Reached skill level 5 in Invocations
 11241 | D:8      | Noticed Pikel
 11467 | D:8      | Reached XP level 10. HP: 53/73 MP: 12/14
 11473 | D:8      | Learned a level 5 spell: Blade Hands
 11594 | D:8      | Reached ** piety under Qazlal
 12309 | D:8      | Noticed Grum
 12998 | D:8      | Killed Grum
 13265 | D:8      | Found a burning altar of Makhleb.
 13287 | D:8      | Killed Pikel
 14046 | D:9      | Found a staircase to the Orcish Mines.
 14051 | D:9      | Found a roughly hewn altar of Beogh.
 14427 | D:9      | Found Ampouge's Magic Scroll Shoppe.
 14810 | D:10     | Entered Level 10 of the Dungeon
 14919 | D:10     | Noticed a two-headed ogre
 14937 | D:10     | Noticed a gargoyle
 14940 | D:10     | Killed a two-headed ogre
 14949 | D:10     | Killed a gargoyle
 15337 | D:10     | Gained mutation: You have razor-sharp toenails. [demonic
                  | ancestry]
 15337 | D:10     | Reached XP level 11. HP: 78/89 MP: 17/17
 15756 | D:10     | Noticed Gastronok
 15774 | D:10     | HP: 4/89 [Gastronok/the air (26)]
 15779 | D:10     | Killed Gastronok
 15779 | D:10     | Reached *** piety under Qazlal
 15791 | D:10     | Noticed Erolcha
 15799 | D:10     | Cast into level 1 of the Abyss (Erolcha)
 15838 | Abyss:1  | Noticed a thrashing horror
 15844 | Abyss:1  | Noticed a tentacled starspawn
 15904 | Abyss:1  | Noticed a great orb of eyes
 15938 | Abyss:1  | Noticed a tentacled starspawn
 15958 | Abyss:1  | Killed a tentacled starspawn
 15971 | Abyss:1  | Paralysed by a great orb of eyes for 2 turns
 15972 | Abyss:1  | Killed a great orb of eyes
 15984 | Abyss:1  | Noticed a wretched star
 15988 | Abyss:1  | Lost mutation: You have sharp fingernails. [potion of
                  | mutation]
 15988 | Abyss:1  | Gained mutation: You are somewhat resistant to further
                  | mutation. [potion of mutation]
 15988 | Abyss:1  | Gained mutation: You have sharp fingernails. [potion of
                  | mutation]
 16005 | Abyss:1  | Collided with a rock wall

Skill      XL: |  1  2  3  4  5  6  7  8  9 10 11 |
---------------+----------------------------------+-----
Transmutations | 2 3 4 5 6 7 8 9 |  9.2
Unarmed Combat | 3 4 5 6 7 8 9 |  9.4
Fighting       | 2 3 4 5 6 7 9 |  9.8
Invocations    | 3 6 8 9 |  9.9
Dodging        | |  1.7
Spellcasting   | |  2.0

Action                   |  1- 3 |  4- 6 |  7- 9 | 10-12 || total
-------------------------+-------+-------+-------+-------++-------
Melee: Unarmed           |   129 |   216 |   316 |   286 ||   947
       Kick              |    29 |    69 |   104 |    95 ||   297
       Headbutt          |    11 |    23 |    61 |    69 ||   164
       Punch             |       |     3 |    12 |    11 ||    26
 Cast: Beastly Appendage |    21 |    27 |       |       ||    48
       Wereblood         |       |       |     5 |     9 ||    14
       Blade Hands       |       |       |       |     1 ||     1
Invok: Upheaval          |       |       |       |     1 ||     1
Evoke: Wand              |       |       |       |     1 ||     1
  Use: Potion            |       |     9 |     3 |    14 ||    26
       Scroll            |       |    15 |     6 |     5 ||    26
 Stab: Sleeping          |       |     2 |       |       ||     2
Armor: Robe              |    17 |    13 |       |       ||    30
       Skin              |       |    10 |       |       ||    10
       Scale mail        |       |    28 |   103 |   105 ||   236
Dodge: Dodged            |    74 |   107 |   115 |   144 ||   440
Block: Other             |       |       |     2 |    35 ||    37

Levels and vault maps discovered:
D:1:      ncdulo_halloftheorcs, layout_basic
D:2:      layout_loops_ring, lemuel_coloured_pillars_altar, elyvilon_altar_5,
          serial_park_tiny_2
D:3:      layout_loops_cross, nicolae_ru_awakened_eye, uniq_robin
D:4:      layout_layer_cave, kennysheep_little_box, vehumet_statue,
          cheibriados_altar_1, nzn_hepliaklqana_mist_gate,
          nicolae_ossuary_entry_monument, minmay_door_square, st_stairs_1
D:5:      layout_basic, lemuel_doored_altar, general_overflow_altar,
          uniq_sigmund
D:6:      layout_basic, lightli_temple_of_fire, minmay_temple_entry_trees,
          makhleb_blood_cavern_becter, uniq_blork_the_orc, uniq_prince_ribbit1,
          uniq_maggie
D:7:      layout_basic
D:8:      layout_loops_ring, minmay_misc_feat_rows, david_defended_altar_orc,
          uniq_pikel, uniq_grum
D:9:      layout_stronghold, minmay_orc_entry_temple_small, serial_shops, shop
D:10:     layout_roguey, due_lair_maze_entry_diamond, corexii_hall_statues_l,
          uniq_erolcha, uniq_gastronok
Temple:   nicolae_temple_figure_eight
Abyss:1:  base:
D:3
